| TOP OF THE 1ST |
|
Miami Marlins batting - Pitching for Philadelphia Phillies : RHP Sean Hill
|
|
Pitching: RHP Sean Hill
|
|
|
Batting: RHB Matt Thompson
|
0-0: Ball 1-0: Called Strike 1-1: Ball 2-1: Ground out 6-3 (Groundball, 6D, EV 102.5 MPH)
|
|
Batting: LHB Jose Bregaro
|
0-0: Ball 1-0: SOLO HOME RUN (Flyball, 9D, EV 98.1 MPH), Distance : 370 ft
|
|
Batting: LHB Andre Gorter
|
0-0: Ball 1-0: Called Strike 1-1: Ball 2-1: Called Strike 2-2: Foul Ball, location: 2F 2-2: Foul Ball, location: 2F 2-2: Ball 3-2: SINGLE (Groundball, 25, EV 65.0 MPH) (infield hit)
|
|
Batting: LHB Adam Durgin
|
0-0: 2-RUN HOME RUN (Flyball, 9D, EV 100.6 MPH), Distance : 409 ft
|
|
Batting: RHB Tony Stedman
|
0-0: Ball 1-0: Fly out, F8 (Line Drive, 8LM, EV 84.4 MPH)
|
|
Batting: RHB Steve Barnard
|
0-0: Ball 1-0: Called Strike 1-1: Ball 2-1: Foul Ball, location: 2F 2-2: Foul Ball, location: 2F 2-2: Foul Ball, location: 2F 2-2: Foul Ball, location: 2F 2-2: Foul Ball, location: 2F 2-2: Ball 3-2: Strikes out swinging
|
| Top of the 1st over - 3 runs, 3 hits, 0 errors, 0 left on base; Miami 3 - Philadelphia 0 |
| BOTTOM OF THE 1ST |
|
Philadelphia Phillies batting - Pitching for Miami Marlins : RHP Mike Torres
|
|
Pitching: RHP Mike Torres
|
|
|
Batting: LHB Nick Canizales
|
0-0: SINGLE (Groundball, 6S, EV 70.0 MPH) (infield hit)
|
|
Batting: LHB Osamu Kubo
|
0-0: Called Strike 0-1: Ball 1-1: Ball 2-1: Called Strike 2-2: Ball 3-2: Strikes out swinging
|
|
Batting: LHB Brad Turner
|
0-0: Ball 1-0: Swinging Strike 1-1: Called Strike 1-2: Ball 2-2: Foul Ball, location: 2F 2-2: Ball 3-2: Base on Balls Nick Canizales to second
|
|
Batting: LHB Ryan Trombley
|
0-0: Called Strike 0-1: Swinging Strike 0-2: Ball 1-2: Ball 2-2: Strikes out looking
|
|
Batting: LHB Mike Davis
|
0-0: Ball 1-0: Called Strike 1-1: Foul Ball, location: 2F 1-2: Ground out 4-3 (Groundball, 4, EV 78.8 MPH)
|
| Bottom of the 1st over - 0 runs, 1 hit, 0 errors, 2 left on base; Miami 3 - Philadelphia 0 |
| TOP OF THE 2ND |
|
Miami Marlins batting - Pitching for Philadelphia Phillies : RHP Sean Hill
|
|
Batting: RHB Mike Gar
|
0-0: Ball 1-0: Ball 2-0: Ball 3-0: Called Strike 3-1: SINGLE (Groundball, 6MD, EV 93.8 MPH)
|
|
Batting: RHB Alberto Cotto
|
0-0: Ball Passed Ball! Mike Gar to second 1-0: Foul Ball, location: 2F 1-1: Ground out 4-3 (Groundball, 4M, EV 80.0 MPH) Mike Gar to third
|
|
Batting: RHB Willie Chavez
|
0-0: Foul Ball, location: 2F 0-1: Foul Ball, location: 2F 0-2: Strikes out swinging
|
|
Batting: RHB Matt Thompson
|
0-0: Called Strike 0-1: Foul Ball, location: 2F 0-2: Foul Ball, location: 2F 0-2: Foul Ball, location: 2F 0-2: Ball 1-2: Ball 2-2: Ball 3-2: Base on Balls
|
|
Batting: LHB Jose Bregaro
|
0-0: Swinging Strike 0-1: Ball 1-1: Called Strike 1-2: Strikes out swinging
|
| Top of the 2nd over - 0 runs, 1 hit, 0 errors, 2 left on base; Miami 3 - Philadelphia 0 |
| BOTTOM OF THE 2ND |
|
Philadelphia Phillies batting - Pitching for Miami Marlins : RHP Mike Torres
|
|
Batting: RHB Josh Hensley
|
0-0: Called Strike 0-1: Foul Ball, location: 2F 0-2: Ball 1-2: Strikes out swinging
|
|
Batting: LHB Cody Schumacher
|
0-0: Ball 1-0: Ground out 4-3 (Groundball, 4D, EV 101.2 MPH)
|
|
Batting: SHB Phuck II
|
0-0: Ball 1-0: Foul Ball, location: 2F 1-1: Foul Ball, location: 2F 1-2: Foul Ball, location: 2F 1-2: Strikes out swinging
|
| Bottom of the 2nd over - 0 runs, 0 hits, 0 errors, 0 left on base; Miami 3 - Philadelphia 0 |
| TOP OF THE 3RD |
|
Miami Marlins batting - Pitching for Philadelphia Phillies : RHP Sean Hill
|
|
Batting: LHB Andre Gorter
|
0-0: SINGLE (Groundball, 34S, EV 70.6 MPH) (infield hit)
|
|
Batting: LHB Adam Durgin
|
0-0: Swinging Strike 0-1: Grounds into double play, 5-4-3 (Groundball, 5, EV 109.4 MPH)
|
|
Batting: RHB Tony Stedman
|
0-0: Fly out, F4 (Popup, 4, EV 70.0 MPH)
|
| Top of the 3rd over - 0 runs, 1 hit, 0 errors, 0 left on base; Miami 3 - Philadelphia 0 |
| BOTTOM OF THE 3RD |
|
Philadelphia Phillies batting - Pitching for Miami Marlins : RHP Mike Torres
|
|
Batting: LHB Jim Beaver
|
0-0: Ball 1-0: Ball 2-0: Called Strike 2-1: Foul Ball, location: 2F 2-2: Ball 3-2: Base on Balls
|
|
Batting: LHB Nick Canizales
|
0-0: Swinging Strike 0-1: Foul Ball, location: 2F 0-2: Ball 1-2: Ball 2-2: Strikes out swinging
|
|
Batting: LHB Osamu Kubo
|
0-0: Called Strike 0-1: Ball 1-1: Ball 2-1: Foul Ball, location: 2F 2-2: Ball 3-2: Foul Ball, location: 2F 3-2: Foul Ball, location: 2F 3-2: Foul Ball, location: 2F 3-2: Strikes out looking
|
|
Batting: LHB Brad Turner
|
0-0: Swinging Strike 0-1: Ball 1-1: Ball 2-1: Foul Ball, location: 2F 2-2: Foul Ball, location: 2F 2-2: Strikes out swinging
|
| Bottom of the 3rd over - 0 runs, 0 hits, 0 errors, 1 left on base; Miami 3 - Philadelphia 0 |
| TOP OF THE 4TH |
|
Miami Marlins batting - Pitching for Philadelphia Phillies : RHP Sean Hill
|
|
Batting: RHB Steve Barnard
|
0-0: Called Strike 0-1: Foul Ball, location: 2F 0-2: Ball 1-2: Strikes out swinging
|
|
Batting: RHB Mike Gar
|
0-0: Called Strike 0-1: Ground out 5-3 (Groundball, 5S, EV 91.2 MPH)
|
|
Batting: RHB Alberto Cotto
|
0-0: Swinging Strike 0-1: Ball 1-1: Ground out 5-3 (Groundball, 56S, EV 80.6 MPH)
|
| Top of the 4th over - 0 runs, 0 hits, 0 errors, 0 left on base; Miami 3 - Philadelphia 0 |
| BOTTOM OF THE 4TH |
|
Philadelphia Phillies batting - Pitching for Miami Marlins : RHP Mike Torres
|
|
Batting: LHB Ryan Trombley
|
0-0: Called Strike 0-1: Ball 1-1: Ground out 6-3 (Groundball, 6, EV 100.6 MPH)
|
|
Batting: LHB Mike Davis
|
0-0: DOUBLE (Line Drive, 7LS, EV 106.2 MPH)
|
|
Batting: RHB Josh Hensley
|
0-0: Foul Ball, location: 2F 0-1: Ball 1-1: Swinging Strike 1-2: Strikes out swinging
|
|
Batting: LHB Cody Schumacher
|
0-0: Ball 1-0: Ball 2-0: Fly out, F5 (Line Drive, 56, EV 66.9 MPH)
|
| Bottom of the 4th over - 0 runs, 1 hit, 0 errors, 1 left on base; Miami 3 - Philadelphia 0 |
| TOP OF THE 5TH |
|
Miami Marlins batting - Pitching for Philadelphia Phillies : RHP Sean Hill
|
|
Batting: RHB Willie Chavez
|
0-0: Swinging Strike 0-1: Ball 1-1: Foul Ball, location: 2F 1-2: Ball 2-2: Strikes out swinging
|
|
Batting: RHB Matt Thompson
|
0-0: Called Strike 0-1: Ball 1-1: Ground out U3 (Groundball, 34S, EV 81.2 MPH)
|
|
Batting: LHB Jose Bregaro
|
0-0: Foul Ball, location: 2F 0-1: Ball 1-1: Ball 2-1: Foul Ball, location: 2F 2-2: Foul Ball, location: 2F 2-2: Foul Ball, location: 2F 2-2: Fly out, F5 (Popup, 5SF, EV 68.8 MPH)
|
| Top of the 5th over - 0 runs, 0 hits, 0 errors, 0 left on base; Miami 3 - Philadelphia 0 |
| BOTTOM OF THE 5TH |
|
Philadelphia Phillies batting - Pitching for Miami Marlins : RHP Mike Torres
|
|
Batting: SHB Phuck II
|
0-0: Ball 1-0: Ball 2-0: Ground out 6-3 (Groundball, 4MD, EV 100.0 MPH)
|
|
Batting: LHB Jim Beaver
|
0-0: Ball 1-0: Foul Ball, location: 2F 1-1: Swinging Strike 1-2: Ball 2-2: Ball 3-2: Fly out, F9 (Flyball, 89S, EV 80.6 MPH)
|
|
Batting: LHB Nick Canizales
|
0-0: Ball 1-0: Called Strike 1-1: Foul Ball, location: 2F 1-2: Strikes out looking
|
| Bottom of the 5th over - 0 runs, 0 hits, 0 errors, 0 left on base; Miami 3 - Philadelphia 0 |
| TOP OF THE 6TH |
|
Miami Marlins batting - Pitching for Philadelphia Phillies : RHP Sean Hill
|
|
Batting: LHB Andre Gorter
|
0-0: Called Strike 0-1: Swinging Strike 0-2: Ball 1-2: SOLO HOME RUN (Flyball, 7D, EV 95.0 MPH), Distance : 387 ft
|
|
Batting: LHB Adam Durgin
|
0-0: Ball 1-0: Ball 2-0: Called Strike 2-1: Ball 3-1: SINGLE (Groundball, 4MD, EV 106.9 MPH)
|
|
Batting: RHB Tony Stedman
|
0-0: Fielders Choice at 2nd, 1-6 (Groundball, 34S, EV 68.8 MPH)
|
|
Batting: RHB Steve Barnard
|
0-0: Foul Ball, location: 2F 0-1: Ball 1-1: Ball Wild Pitch! Tony Stedman to second 2-1: Called Strike 2-2: Strikes out looking
|
|
Pitching: LHP Ignacio Amaya
|
|
|
Batting: RHB Mike Gar
|
0-0: Called Strike 0-1: Ball Wild Pitch! Tony Stedman to third 1-1: SINGLE (Line Drive, 7S, EV 103.8 MPH) Tony Stedman scores
|
|
Batting: RHB Alberto Cotto
|
0-0: Ball 1-0: Fielders Choice at 2nd, 6-4 (Groundball, 6, EV 101.9 MPH)
|
| Top of the 6th over - 2 runs, 3 hits, 0 errors, 1 left on base; Miami 5 - Philadelphia 0 |
| BOTTOM OF THE 6TH |
|
Philadelphia Phillies batting - Pitching for Miami Marlins : RHP Mike Torres
|
|
Batting: LHB Osamu Kubo
|
0-0: Called Strike 0-1: Ball 1-1: Foul Ball, location: 2F 1-2: Foul Ball, location: 2F 1-2: SINGLE (Line Drive, 8RS, EV 98.1 MPH)
|
|
Batting: LHB Brad Turner
|
0-0: Ball 1-0: Called Strike 1-1: Ball 2-1: Ball 3-1: Base on Balls Osamu Kubo to second
|
|
Batting: LHB Ryan Trombley
|
0-0: Swinging Strike 0-1: Ball 1-1: Ball 2-1: Ball 3-1: Called Strike 3-2: Strikes out swinging
|
|
Batting: LHB Mike Davis
|
0-0: Ball 1-0: Swinging Strike 1-1: Foul Ball, location: 2F 1-2: Strikes out swinging
|
|
Batting: RHB Josh Hensley
|
0-0: Ball 1-0: Ball 2-0: Swinging Strike 2-1: Ball 3-1: SINGLE (Groundball, 34D, EV 96.9 MPH) Osamu Kubo to third Brad Turner to second Runner from 3rd tries for Home, SAFE, throw by RF to home
|
|
Pitching: RHP Pharamond Lestrange
|
|
|
Batting: LHB Cody Schumacher
|
0-0: Ball 1-0: Swinging Strike 1-1: Swinging Strike 1-2: Strikes out looking
|
| Bottom of the 6th over - 1 run, 2 hits, 0 errors, 2 left on base; Miami 5 - Philadelphia 1 |
| TOP OF THE 7TH |
|
Miami Marlins batting - Pitching for Philadelphia Phillies : LHP Ignacio Amaya
|
|
Batting: RHB Willie Chavez
|
0-0: Ball 1-0: Swinging Strike 1-1: Called Strike 1-2: Foul Ball, location: 2F 1-2: Fly out, F3 (Line Drive, 34, EV 70.6 MPH)
|
|
Batting: RHB Matt Thompson
|
0-0: Fly out, F8 (Flyball, 8LD, EV 99.4 MPH)
|
|
Batting: LHB Jose Bregaro
|
0-0: Ball 1-0: Swinging Strike 1-1: Ball 2-1: Foul Ball, location: 2F 2-2: Ball 3-2: Fly out, F9 (Flyball, 89M, EV 89.4 MPH)
|
| Top of the 7th over - 0 runs, 0 hits, 0 errors, 0 left on base; Miami 5 - Philadelphia 1 |
| BOTTOM OF THE 7TH |
|
Philadelphia Phillies batting - Pitching for Miami Marlins : RHP Pharamond Lestrange
|
|
Batting: SHB Phuck II
|
0-0: Ball 1-0: Foul Ball, location: 2F 1-1: SINGLE (Groundball, 4MD, EV 97.5 MPH)
|
|
Batting: LHB Jim Beaver
|
0-0: Foul Ball, location: 2F 0-1: Called Strike 0-2: Strikes out looking
|
|
Batting: LHB Nick Canizales
|
0-0: Ball 1-0: Called Strike 1-1: Swinging Strike 1-2: Strikes out swinging
|
|
Batting: LHB Osamu Kubo
|
0-0: Foul Ball, location: 2F 0-1: Foul Ball, location: 2F 0-2: Strikes out looking
|
| Bottom of the 7th over - 0 runs, 1 hit, 0 errors, 1 left on base; Miami 5 - Philadelphia 1 |
| TOP OF THE 8TH |
|
Miami Marlins batting - Pitching for Philadelphia Phillies : LHP Ignacio Amaya
|
|
Pitching: RHP Marcos Tapia
|
|
|
Batting: LHB Andre Gorter
|
0-0: Foul Ball, location: 2F 0-1: Foul Ball, location: 2F 0-2: Ball 1-2: Fly out, F8 (Line Drive, 89M, EV 94.4 MPH)
|
|
Batting: LHB Adam Durgin
|
0-0: Ball 1-0: Called Strike 1-1: Ball 2-1: Swinging Strike 2-2: Strikes out swinging
|
|
Batting: RHB Tony Stedman
|
0-0: Ball 1-0: Ball 2-0: SOLO HOME RUN (Flyball, 7D, EV 101.2 MPH), Distance : 411 ft
|
|
Batting: RHB Steve Barnard
|
0-0: Ball 1-0: Called Strike 1-1: Ball 2-1: Ball 3-1: Foul Ball, location: 2F 3-2: Ground out 6-3 (Groundball, 6, EV 94.4 MPH)
|
| Top of the 8th over - 1 run, 1 hit, 0 errors, 0 left on base; Miami 6 - Philadelphia 1 |
| BOTTOM OF THE 8TH |
|
Philadelphia Phillies batting - Pitching for Miami Marlins : RHP Pharamond Lestrange
|
|
Batting: LHB Brad Turner
|
0-0: Foul Ball, location: 2F 0-1: Swinging Strike 0-2: Strikes out swinging
|
|
Batting: LHB Ryan Trombley
|
0-0: Fly out, F7 (Flyball, 7, EV 98.1 MPH)
|
|
Batting: LHB Mike Davis
|
0-0: Ball 1-0: Ball 2-0: Foul Ball, location: 2F 2-1: Swinging Strike 2-2: Foul Ball, location: 2F 2-2: Ball 3-2: Strikes out swinging
|
| Bottom of the 8th over - 0 runs, 0 hits, 0 errors, 0 left on base; Miami 6 - Philadelphia 1 |
| TOP OF THE 9TH |
|
Miami Marlins batting - Pitching for Philadelphia Phillies : RHP Marcos Tapia
|
|
Batting: RHB Mike Gar
|
0-0: Called Strike 0-1: Called Strike 0-2: Strikes out swinging
|
|
Pitching: RHP David LaBounty
|
|
|
Batting: RHB Alberto Cotto
|
0-0: Ball 1-0: Foul Ball, location: 2F 1-1: Ball 2-1: Swinging Strike 2-2: Ball 3-2: Foul Ball, location: 2F 3-2: Base on Balls
|
|
Batting: RHB Willie Chavez
|
0-0: Fly out, F8 (Flyball, 78D, EV 91.9 MPH)
|
|
Batting: RHB Matt Thompson
|
0-0: Foul Ball, location: 2F 0-1: Called Strike 0-2: Ball 1-2: Foul Ball, location: 2F 1-2: 2-RUN HOME RUN (Flyball, 78XD, EV 99.4 MPH), Distance : 405 ft
|
|
Batting: LHB Jose Bregaro
|
0-0: Ball 1-0: Ball 2-0: Ball 3-0: Base on Balls
|
|
Batting: LHB Andre Gorter
|
0-0: Foul Ball, location: 2F 0-1: Ball 1-1: Called Strike 1-2: Ball 2-2: Ball 3-2: SINGLE (Flyball, 8RS, EV 93.8 MPH) Jose Bregaro to second Jose Bregaro to third
|
|
Batting: LHB Adam Durgin
|
0-0: Called Strike 0-1: Called Strike 0-2: Ball 1-2: Ball 2-2: Foul Ball, location: 2F 2-2: DOUBLE (Line Drive, 5D, EV 102.5 MPH) Jose Bregaro scores Andre Gorter to third Runner from 3rd tries for Home, SAFE, throw by LF to trailing runner, SAFE at third!
|
|
Pitching: RHP Lucas McPhillie
|
|
|
Batting: RHB Tony Stedman
|
0-0: Called Strike 0-1: Foul Ball, location: 2F 0-2: Ball 1-2: Ground out U3 (Groundball, 34, EV 85.6 MPH)
|
| Top of the 9th over - 4 runs, 3 hits, 0 errors, 1 left on base; Miami 10 - Philadelphia 1 |
| BOTTOM OF THE 9TH |
|
Philadelphia Phillies batting - Pitching for Miami Marlins : RHP Pharamond Lestrange
|
|
Batting: RHB Josh Hensley
|
0-0: Ball 1-0: Ball 2-0: Called Strike 2-1: Ground out 5-3 (Groundball, 56, EV 102.5 MPH)
|
|
Batting: LHB Cody Schumacher
|
0-0: Swinging Strike 0-1: Ball 1-1: Called Strike 1-2: Ball 2-2: Ball 3-2: Foul Ball, location: 2F 3-2: Base on Balls
|
|
Pitching: RHP Matt Murray
|
|
|
Batting: SHB Phuck II
|
0-0: Called Strike 0-1: Ball 1-1: Fly out, F9 (Flyball, 9D, EV 103.1 MPH)
|
|
Batting: LHB Jim Beaver
|
0-0: Foul Ball, location: 2F 0-1: Fly out, F8 (Line Drive, 8LS, EV 87.5 MPH)
|
| Bottom of the 9th over - 0 runs, 0 hits, 0 errors, 1 left on base; Miami 10 - Philadelphia 1 |
|